 Dungeon Crawl Stone Soup version 0.29.1-15-g9cfb28693d (webtiles) character file.

Game seed: 6869689359649186403

3015 Descartes the Geomancer (level 10, -8/84 (86) HPs)
             Began as a Formicid Fighter on Apr 11, 2023.
             Shot with an arrow by a centaur warrior (15 damage)
             ... on level 8 of the Dungeon.
             The game lasted 00:20:26 (9266 turns).

Descartes the Geomancer (Formicid Fighter)          Turns: 9266, Time: 00:20:27

HP:   -8/84 (86)    AC: 11    Str: 24    XL:     10   Next: 10%
MP:   10/10         EV: 13    Int:  9    God:
Gold: 566           SH:  6    Dex: 13    Spells: 9/9 levels left

rFire   . . .      SeeInvis +   a - +0 war axe
rCold   + . .      Faith    .   c - +0 buckler
rNeg    . . .      Spirit   .   b - +0 scale mail
rPois   +          Reflect  .   (helmet unavailable)
rElec   .          Harm     .   u - +0 cloak
rCorr   .          Rampage  .   M - +0 pair of gloves
Will    +....                   h - +0 pair of boots
Stlth   ..........              J - amulet of magic regeneration
HPRegen 0.24/turn               i - +4 ring of evasion
MPRegen 0.52/turn               l - ring of poison resistance

@: studying Earth Magic, lightly drained
A: permanent stasis, dig shafts and tunnels, antennae 3, four strong arms,
talons 1, cold resistance 1, robust 1
a: Dig, Shaft Self


You were on level 8 of the Dungeon.
You visited 2 branches of the dungeon, and saw 9 of its levels.
You also visited: Ossuary.

You collected 566 gold pieces.

Inventory:

Hand Weapons
 a - a +0 war axe (weapon)
 d - a +1 whip of electrocution
Missiles
 n - 3 throwing nets
 r - 12 poisoned darts
 v - 6 boomerangs
Armour
 b - a +0 scale mail (worn)
 c - a +0 buckler (worn)
 h - a +0 pair of boots (worn)
 u - a +0 cloak (worn)
 L - a +1 robe of willpower
 M - a +0 pair of gloves (worn)
Jewellery
 i - a +4 ring of evasion (left hand)
 j - a ring of fire
 l - a ring of poison resistance (right hand)
 B - a +6 ring of intelligence
 J - an amulet of magic regeneration (around neck)
 Q - a ring of protection from cold
Wands
 y - a wand of polymorph (8)
 I - a wand of charming (5)
 O - a wand of mindburst (6)
Scrolls
 e - 3 scrolls of poison
 f - a scroll of butterflies
 g - 2 scrolls of immolation
 k - a scroll of blinking
 m - 5 scrolls of fear
 p - 2 scrolls of brand weapon
 t - a scroll of noise {unknown}
 G - 6 scrolls of identify
 K - 4 scrolls of enchant weapon
 N - a scroll of vulnerability
Potions
 o - 2 potions of attraction {unknown}
 q - a potion of mutation
 s - 3 potions of brilliance
 w - 2 potions of cancellation {unknown}
 x - 3 potions of degeneration
 z - a potion of haste {unknown}
 A - a potion of flight {unknown}
 C - 2 potions of berserk rage {unknown}
 D - 2 potions of lignification {unknown}
 E - 4 potions of curing {unknown}
 F - 2 potions of magic {unknown}
 H - 2 potions of invisibility {unknown}
 P - a potion of heal wounds


   Skills:
 + Level 7.3 Fighting
 + Level 6.3 Axes
 + Level 7.3 Armour
 + Level 8.8 Shields
 + Level 9.5 Earth Magic


You had 9 spell levels left.
You didn't know any spells.
Your spell library contained the following spells:

 Spells                   Type           Power      Damage    Failure   Level
 Summon Small Mammal      Summ           0%         N/A       71%         1
 Call Canine Familiar     Summ           0%         N/A       97%         3
 Dazzling Flash           Conj/Hex       0%         N/A       97%         3
 Gell's Gravitas          Tloc           0%         N/A       97%         3
 Ignite Poison            Fire/Tmut/Pois 0%         N/A       97%         3
 Lesser Beckoning         Tloc           0%         N/A       97%         3
 Mephitic Cloud           Conj/Pois/Air  0%         N/A       97%         3
 Portal Projectile        Hex/Tloc       0%         N/A       97%         3
 Summon Guardian Golem    Hex/Summ       0%         N/A       97%         3
 Teleport Other           Tloc           0%         N/A       97%         3
 Tukima's Dance           Hex            0%         N/A       97%         3
 Agony                    Necr           0%         N/A       100%        5
 Blade Hands              Tmut           0%         N/A       100%        5
 Freezing Cloud           Conj/Ice/Air   0%         6-21      100%        5
 Silence                  Hex/Air        0%         N/A       100%        5


Dungeon Overview and Level Annotations

Branches:
Dungeon (8/15)             Temple (1/1) D:4         Ossuary (visited)
   Lair: D:8-11

Altars:
Ashenzari
Cheibriados
Dithmenos
Elyvilon
Fedhas
Hepliaklqana
Kikubaaqudgha
Makhleb
Okawaru
Qazlal
Sif Muna
Trog
Vehumet
Wu Jian
Xom
Yredelemnul
Zin
The Shining One

Shops:
D:6 [

Annotations:
D:5 2 transporters, Heoruswealwe's ghost, amateur DECj
D:8 1 runed translucent door


Innate Abilities, Weirdness & Mutations

You cannot be hasted, slowed, berserked, paralysed or teleported.
You can dig through walls and to a lower floor.
You have a pair of large antennae on your head. (SInv)
Your four strong arms can wield two-handed weapons with a shield.
You have sharp toenails.
Your flesh is cold resistant. (rC+)
You are robust. (+10% HP)


Message History

You hit the wight but do no damage.
The centaur shoots an arrow.
You block the arrow. The wight barely misses you.
The centaur shoots an arrow.
The arrow hits you!
You hit the wight.
The wight is lightly damaged.
An acid dragon comes into view.
The wight barely misses you.
The centaur shoots an arrow.
The arrow barely misses you.
A centaur warrior comes into view.
It is wielding a +0 quarterstaff of draining.
The wight hits you but does no damage.
The acid dragon roars!
You barely miss the wight.
The wight is lightly damaged.
You hear a shout!
The centaur shoots an arrow.
The arrow hits you!
A gargoyle comes into view. It is wielding a +0 morningstar.
The wight hits you but does no damage.
You closely miss the wight.
The wight is lightly damaged.
A centaur warrior comes into view.
The wight hits you with a +0 trident.
You feel drained.
A tengu conjurer comes into view.
The wight attacks as you move away! The wight hits you with a +0 trident.
The wight closely misses you.
The centaur warrior unwields a +0 quarterstaff of draining.
The centaur warrior wields a +0 shortbow.
The centaur warrior shoots an arrow.
You block the arrow.
You hear a shout!
The centaur warrior shoots an arrow.
The arrow hits you.
The centaur warrior shoots an arrow.
The arrow completely misses you.
The centaur warrior wields a +0 longbow.
The centaur warrior shoots an arrow.
The arrow closely misses you.
The centaur warrior shoots an arrow.
The arrow hits you!!
The centaur warrior shoots an arrow.
The arrow hits you!
The centaur warrior shoots an arrow.
The arrow hits you!
* * * LOW HITPOINT WARNING * * *
The centaur warrior shoots an arrow.
The arrow hits you!
* * * LOW HITPOINT WARNING * * *
The centaur warrior shoots an arrow.
The arrow hits you!
You die...

#........######.## ##.##
#.#.###### #.# #..#
#.....#########.## ##..#
..#..............###.#.#
###.#.#.......>.#)..##.#####
###.#.########...#.###.....#
##.......# #.#.#.# #####.#
....#.##.# #.#.#.## #.#
.#..#.##.# #.#@...##
#.###### .........#
#.#.#...## #.....>.
##.##.##.# #...#....##
########
##.##.##.#####..#.#....# #
##..............#.#....# #
...............##c##...# #
...............#{#c#.|## #
#####.#####...###{###.## #
#.# #...##{#{##..#


You could see 2 centaur warriors.

Vanquished Creatures
  Pikel (D:5)
  A wyvern (D:8)
  2 steam dragons
  An acid dragon (D:8)
  Duvessa (D:5)
  2 black bears
  4 sky beasts
  2 centaurs
  2 lemures (D:5)
  A phantom (D:5)
  A gnoll sergeant (D:7)
  4 scorpions
  A wight (D:8)
  Dowan (D:5)
  A killer bee (D:8)
  2 jellies
  A gnoll bouda (D:6)
  3 orc priests (D:7)
  Ijyb (D:3)
  3 iguanas
  3 orc wizards
  8 mummies (Ossuary)
  11 gnolls
  A river rat (D:6)
  6 adders
  A shadow imp (D:7)
  A white imp (D:6)
  2 worms
  4 dart slugs
  15 orcs
  5 ball pythons
  7 endoplasms
  3 giant cockroaches
  6 goblins
  3 hobgoblins
  7 quokkas
  6 bats
  2 frilled lizards (D:1)
  A gnoll zombie (Ossuary)
  3 hobgoblin zombies (Ossuary)
  10 kobolds
  3 kobold zombies (Ossuary)
  An orc zombie (Ossuary)
  10 rats
154 creatures vanquished.

Notes
Turn   | Place    | Note
-------+----------+-------------------------------------------
     0 | D:1      | Descartes the Formicid Fighter began the quest for the Orb.
     0 | D:1      | Reached XP level 1. HP: 18/18 MP: 1/1
    36 | D:1      | Reached XP level 2. HP: 16/24 MP: 2/2
   371 | D:1      | Reached skill level 1 in Earth Magic
   420 | D:1      | Reached XP level 3. HP: 24/29 MP: 3/3
   775 | D:1      | Found a faded altar of an unknown god.
  1121 | D:2      | Found a burning altar of Makhleb.
  1235 | D:2      | Reached XP level 4. HP: 34/37 MP: 4/4
  1922 | D:3      | Reached skill level 2 in Earth Magic
  1922 | D:3      | Reached XP level 5. HP: 13/42 MP: 5/5
  2228 | D:3      | Found a broken altar of Ashenzari.
  2231 | D:3      | Found an iron altar of Okawaru.
  2231 | D:3      | Found an ornate altar of the Wu Jian Council.
  2231 | D:3      | Found a radiant altar of Vehumet.
  2508 | D:3      | Noticed Ijyb
  2521 | D:3      | Killed Ijyb
  2522 | D:3      | Reached skill level 5 in Shields
  3024 | D:4      | Found a staircase to the Ecumenical Temple.
  3075 | Temple   | Entered the Ecumenical Temple
  3688 | D:4      | Noticed a black bear
  3699 | D:4      | Killed a black bear
  3700 | D:4      | Reached XP level 6. HP: 25/49 MP: 6/6
  3907 | D:4      | Reached skill level 3 in Earth Magic
  3948 | D:5      | Entered Level 5 of the Dungeon
  3960 | D:5      | Found a transporter.
  3960 | D:5      | Noticed Heoruswealwe's ghost (amateur DECj)
  3967 | D:5      | Found a transporter.
  4127 | D:5      | Reached XP level 7. HP: 44/55 MP: 7/7
  4263 | D:5      | Noticed Duvessa
  4263 | D:5      | Noticed Dowan
  4281 | D:5      | Killed Duvessa
  4282 | D:5      | Reached skill level 4 in Earth Magic
  4285 | D:5      | Killed Dowan
  4594 | D:5      | Noticed Pikel
  4612 | D:5      | Killed Pikel
  4613 | D:5      | Reached skill level 5 in Fighting
  4613 | D:5      | Reached skill level 5 in Armour
  4613 | D:5      | Reached skill level 5 in Earth Magic
  4613 | D:5      | Reached XP level 8. HP: 9/63 MP: 8/8
  4915 | D:5      | Reached skill level 6 in Earth Magic
  5202 | D:6      | Found a basalt altar of Yredelemnul.
  5330 | D:6      | Gained mutation: You have hidden genetic defects. [potion
                  | of mutation]
  5330 | D:6      | Gained mutation: You are strong-willed. (Will+) [potion of
                  | mutation]
  5330 | D:6      | Gained mutation: You are robust. (+10% HP) [potion of
                  | mutation]
  5379 | D:6      | Found a sand-covered staircase.
  5384 | Ossuary  | Entered an ossuary
  5461 | Ossuary  | Reached skill level 5 in Axes
  5659 | Ossuary  | Reached XP level 9. HP: 68/75 MP: 9/9
  5663 | Ossuary  | Reached skill level 7 in Earth Magic
  5839 | D:6      | Found Quoggol's Antique Armour Shop.
  5875 | D:6      | Gained mutation: You are dopey. (Int -2) [hidden defects]
  5897 | D:6      | HP: 2/77 [iguana (7)]
  6618 | D:6      | Reached skill level 8 in Earth Magic
  6618 | D:6      | Gained mutation: Armour fits poorly on your strangely
                  | shaped body. [hidden defects]
  6618 | D:6      | Lost mutation: You have hidden genetic defects. [hidden
                  | defects expressed]
  6669 | D:6      | Found a white marble altar of Elyvilon.
  8426 | D:7      | Lost mutation: You are dopey. (Int -2) [potion of mutation]
  8426 | D:7      | Lost mutation: You are strong-willed. (Will+) [potion of
                  | mutation]
  8426 | D:7      | Gained mutation: Your flesh is cold resistant. (rC+)
                  | [potion of mutation]
  8426 | D:7      | Gained mutation: You have sharp toenails. [potion of
                  | mutation]
  8426 | D:7      | Lost mutation: Armour fits poorly on your strangely shaped
                  | body. [potion of mutation]
  8709 | D:8      | Found a runed translucent door.
  8759 | D:8      | Reached skill level 9 in Earth Magic
  8795 | D:8      | Reached XP level 10. HP: 68/86 MP: 10/10
  9254 | D:8      | Noticed a centaur warrior
  9255 | D:8      | Noticed a gargoyle
  9256 | D:8      | Noticed a centaur warrior
  9266 | D:8      | Shot with an arrow by a centaur warrior

Illustrated notes

Levels and vault maps discovered:
D:1:      wander_arrival_estate, layout_basic,
          dilly_ecumenical_altar_fadedgnrine, minmay_tripent
D:2:      layout_loops_ring, basic_altar
D:3:      layout_basic, grunt_temple_overflow_open, chequers_jeans,
          grunt_ministairs_12, uniq_ijyb
D:4:      black_bear_nest_1, layout_cave_pools,
          minmay_temple_entry_antechambers, minmay_misc_feat_roman,
          kennysheep_minor_cross
D:5:      layout_rooms, gammafunk_ghost_mausoleum, minmay_fountain_box,
          uniq_duvessa, uniq_pikel
D:6:      layout_loops_ring, kennysheep_ying_yang, gup_sewer_entry_spiral,
          enter_ossuary_2, serial_shops, nicolae_shop_waterfront
D:7:      layout_basic, serial_park_tiny_2
D:8:      minmay_the_grid_four_pointed_star
          [minmay_the_grid_triangle_9x9_checkered,
          minmay_the_grid_triangle_9x9_corrupted_corridor,
          minmay_the_grid_triangle_9x9_subtriangle,
          minmay_the_grid_triangle_9x9_from_above,
          minmay_the_grid_prize_big_room], layout_loops_ring,
          nicolae_uskayaw_suspiria, chequers_serial_rivers_room_b
Temple:   nicolae_temple_bog_church

Skill      XL: |  1  2  3  4  5  6  7  8  9 |
---------------+----------------------------+-----
Earth Magic    | 1 2 3 5 6 9 |  9.5
Armour         | 4 5 6 7 |  7.3
Fighting       | 4 5 6 7 |  7.3
Shields        | 5 6 7 8 |  8.8
Axes           | 3 4 5 6 |  6.3

Action                   |  1- 3 |  4- 6 |  7- 9 | 10-12 || total
-------------------------+-------+-------+-------+-------++-------
Melee: War axe           |    90 |   137 |   357 |    23 ||   607
       Unarmed           |       |       |     8 |       ||     8
 Abil: Dig               |       |       |     3 |       ||     3
  Use: Potion            |       |       |     9 |       ||     9
       Scroll            |       |       |    15 |       ||    15
Armor: Scale mail        |    51 |    55 |   170 |    18 ||   294
       Skin              |       |       |     2 |       ||     2
Dodge: Dodged            |    50 |    95 |   276 |    19 ||   440
Block: Buckler           |    31 |    40 |   119 |     6 ||   196
